AoeStats
← Lucas Grijander

Nomad

510521792Analyzed
3v3 RM · 13h ago on Oct 1, 2026· 53m 54s· 6 players
Game mode
Random Map
Map size
210×210
Population
200
Speed
Normal
Resources
Standard
Victory
Conquest
Starting age
Dark Age
Ending age
Imperial Age
RankedLock teamsTeams togetherTeam positionsShared explorationLock speedFull tech treeHidden civsTurbo modeCheats
Victory
Defeat
🇪🇸 Saxons · Spain
951
+15
🇷🇺 Persians · Russia
923
+16
🇨🇳 Tatars · China
911
+17
🇬🇧 Huns · United Kingdom
953
-17
🇫🇷 Persians · France
953
-17
🇺🇦 Varangians · Ukraine
890
-14
Lucas Grijander
4:54 Loom
16:40 Feudal Age
18:36 Wheelbarrow
25:42 Castle Age
24:46 Man-at-Arms
25:59 Double-Bit Axe
26:37 Pikeman
27:17 Squires
27:42 Hand Cart
33:49 Gold Mining
35:50 Horse Collar
38:57 Heavy Plow
39:12 Bow Saw
40:03 Ballistics
39:39 Murder Holes
46:32 Imperial Age
46:11 Forging
46:01 Scale Mail Armor
45:52 Fletching
46:17 Masonry
48:49 Sanctity
48:51 Block Printing
49:03 Illumination
49:23 Theocracy
48:53 Stone Mining
49:39 Gold Shaft Mining
49:05 Shield Wall
50:30 Chain Mail Armor
52:31 Elite Hearth Troop
52:37 Long Swordsman
53:03 Gambesons
53:03 Arson
Jean_Batist_Amour
13:59 Feudal Age
15:22 Horse Collar
18:34 Double-Bit Axe
20:10 Bloodlines
25:23 Castle Age
25:16 Fishing Lines
27:14 Wheelbarrow
28:28 Husbandry
27:50 Light Cavalry
29:13 Hand Cart
28:56 Gold Mining
28:58 Stone Mining
32:55 Forging
32:52 Gillnets
34:04 Scale Barding Armor
35:00 Iron Casting
38:19 Medium Warships
43:09 Imperial Age
41:21 Chain Barding Armor
42:50 Heavy Camel Rider
42:53 Cavalier
45:15 Savar
45:15 Hussar
46:27 Heavy Plow
46:40 Bow Saw
47:04 Heavy Warships
51:45 Plate Barding Armor
52:10 Blast Furnace
kilfal
8:55 Loom
11:42 Feudal Age
12:10 Double-Bit Axe
16:50 Wheelbarrow
18:52 Gold Mining
20:17 Horse Collar
26:09 Castle Age
24:39 Stone Mining
24:35 Fishing Lines
28:46 Husbandry
29:14 Hand Cart
29:08 Scale Barding Armor
29:43 Fletching
30:38 Gold Shaft Mining
30:47 Bodkin Arrow
33:43 Bow Saw
34:17 Padded Archer Armor
37:28 Imperial Age
35:33 Bloodlines
36:35 Gold Shaft Mining
38:16 Bracer
39:46 Forging
40:57 Leather Archer Armor
40:46 Gillnets
42:56 Conscription
42:38 Silk Armor
44:09 Chain Barding Armor
43:40 Pikeman
47:08 Heavy Plow
47:02 Town Watch
48:26 Heavy Cavalry Archer
49:09 Light Cavalry
51:25 Timurid Siegecraft
51:49 Ballistics
52:59 Ring Archer Armor
53:33 Chemistry
53:26 Heavy Camel Rider
Donelson
6:40 Loom
13:52 Feudal Age
13:53 Man-at-Arms
14:52 Arson
15:46 Scale Mail Armor
23:45 Castle Age
21:43 Horse Collar
23:58 Bloodlines
24:00 Light Cavalry
25:42 Double-Bit Axe
27:49 Scale Barding Armor
27:56 Pikeman
33:16 Heavy Plow
34:05 Chain Mail Armor
34:10 Town Watch
33:49 Elite Skirmisher
36:42 Town Patrol
39:19 Long Swordsman
41:35 Fletching
sarfaoui4
6:33 Loom
14:07 Feudal Age
19:14 Castle Age
17:33 Fishing Lines
18:31 Bloodlines
18:34 Forging
21:54 Scale Barding Armor
23:25 Medium Warships
25:19 Wheelbarrow
25:39 Gillnets
27:59 Double-Bit Axe
30:56 Horse Collar
32:51 Bow Saw
32:47 Heavy Plow
43:05 Chain Barding Armor
43:24 Husbandry
46:06 Imperial Age
48:54 Cavalier
centurion19
3:43 Loom
13:18 Feudal Age
15:09 Double-Bit Axe
19:05 Man-at-Arms
20:01 Horse Collar
21:29 Man-at-Arms
22:25 Forging
22:57 Scale Mail Armor
29:21 Castle Age
27:35 Stone Mining
28:12 Gold Mining
29:51 Light Cavalry
29:58 Long Swordsman
31:40 Iron Casting
33:06 Squires
33:47 Gambesons
35:31 Chain Mail Armor
35:34 Arson
38:47 Bow Saw
39:14 Stone Shaft Mining
39:54 Scale Barding Armor
40:39 Wheelbarrow
40:46 Fervor
41:32 Chain Barding Armor
43:24 Heavy Plow
43:11 Fishing Lines
43:54 Fletching
51:16 Imperial Age
51:29 Devotion
51:41 Bodkin Arrow
51:38 Elite Varangian Guard
53:52 Blast Furnace
52:33 Elite Jarl
Connection lost

Rejoining the realm…

Still unreachable

The connection could not be restored.

Session expired

The server has moved on; the page needs a fresh start.